 Dungeon Crawl Stone Soup version 0.18-b1-16-g289874d (webtiles) character file.

29618 privategoon the Tortoise (level 13, -11/102 HPs)
             Began as a Minotaur Fighter on May 1, 2016.
             Was the Champion of Okawaru.
             Mangled by a boulder beetle (15 damage)
             ... on level 7 of the Lair of Beasts.
             The game lasted 02:06:38 (13813 turns).

privategoon the Tortoise (Minotaur Fighter)        Turns: 13813, Time: 02:06:39

Health: -11/102    AC: 32    Str: 25    XL:     13   Next: 16%
Magic:  14/14      EV:  8    Int:  5    God:    Okawaru [******]
Gold:   761        SH:  0    Dex: 11    Spells: 0 memorised, 12 levels left

rFire  . . .     SeeInvis .     S - +2 war axe (protect)
rCold  . . .     Gourm    .     N - +0 crystal plate armour
rNeg   . . .     Faith    .     (no shield)
rPois  +         Spirit   .     (helmet restricted)
rElec  .         Dismiss  .     (no cloak)
rCorr  .         Reflect  .     (no gloves)
SustAt .         Harm     .     A - +0 pair of boots
MR     +....                    P - amulet of regeneration
Stlth  ..........               J - ring of flight
                                e - ring of poison resistance

@: somewhat resistant to hostile enchantments, extremely unstealthy
A: retaliatory headbutt, horns 2, magic resistance 1
a: Heroism, Finesse, Renounce Religion, Evoke Flight


You were on level 7 of the Lair of Beasts.
You worshipped Okawaru.
Okawaru was exalted by your worship.
You were hungry.

You visited 3 branches of the dungeon, and saw 17 of its levels.

You collected 761 gold pieces.

Inventory:

Hand Weapons
 s - a +4 hand axe of freezing
 v - a +2 flail of holy wrath
 y - a +1 vampiric war axe
 S - a +2 war axe of protection (weapon)
Missiles
 r - 3 exploding tomahawks (quivered)
Armour
 c - a +0 shield
 A - a +0 pair of boots (worn)
 N - a +0 crystal plate armour (worn)
 W - the +1 scale mail of Yduiga Qejed {rC- MP-9 Dex+8 SInv}
   (Okawaru gifted it to you on level 3 of the Lair of Beasts)

   It affects your dexterity (+8).
   It makes you vulnerable to cold.
   It affects your magic capacity (-9).
   It lets you see invisible.
Jewellery
 b - an uncursed ring of protection from fire
 e - a ring of poison resistance (left hand)
 k - an uncursed ring of stealth
 m - an uncursed ring of positive energy
 p - an uncursed ring of protection from magic
 J - a ring of flight (right hand)
 P - an amulet of regeneration (around neck)
Wands
 a - a wand of random effects (36/48)
 u - a wand of iceblast (6/15)
 z - a wand of slowing (27/48)
 B - a wand of iceblast (12/15)
 D - a wand of enslavement (12/24)
 F - a wand of acid (2/15)
 M - a wand of enslavement (6/24)
 Q - a wand of confusion (31/48)
 X - a wand of acid (8/15)
Scrolls
 d - a scroll of teleportation
 g - 6 scrolls of identify
 t - 2 scrolls of magic mapping
 x - 2 scrolls of enchant weapon
 C - 2 scrolls of fog
 E - 2 scrolls of remove curse
 H - a scroll of enchant armour
 I - a scroll of holy word
 L - a scroll of torment {unknown}
 O - a scroll of silence
Potions
 q - 4 potions of flight
 G - a potion of berserk rage {unknown}
 K - 3 potions of agility {unknown}
 T - a potion of resistance {unknown}
 U - a potion of invisibility
 V - a potion of brilliance {unknown}
 Y - 2 potions of haste {unknown}
Books
 w - a Fen Folio

   Spells                             Type                      Level
   a - Corpse Rot                     Necromancy                   2
   b - Stone Arrow                    Conjuration/Earth            3
   c - Leda's Liquefaction            Hexes/Earth                  4
   d - Summon Forest                  Summoning/Translocation      5
   e - Hydra Form                     Transmutation                6
   f - Summon Hydra                   Summoning                    7
 R - a book of Dreams

   Spells                             Type                      Level
   a - Ensorcelled Hibernation        Hexes/Ice                    2
   b - Silence                        Hexes/Air                    5
   c - Darkness                       Hexes                        6
   d - Shadow Creatures               Summoning                    6
 Z - a book of Changes

   Spells                             Type                      Level
   a - Beastly Appendage              Transmutation                1
   b - Sticks to Snakes               Transmutation                2
   c - Spider Form                    Transmutation/Poison         3
   d - Ice Form                       Ice/Transmutation            4
   e - Blade Hands                    Transmutation                5
Comestibles
 f - 10 bread rations
 i - a royal jelly
 l - 19 fruits
 n - 5 meat rations
 o - 3 beef jerkies


   Skills:
 - Level 6.0 Fighting
 - Level 16.0 Axes
 + Level 17.6 Armour
 - Level 5.4 Dodging
 - Level 6.1 Shields
 - Level 3.2 Invocations


You had 12 spell levels left.
You didn't know any spells.

Dungeon Overview and Level Annotations

Branches:
Dungeon (8/15)             Temple (1/1) D:7            Lair (8/8) D:8
  Swamp (0/4) Lair:3
  Snake: Lair:3-6    Spider: Lair:3-6     Slime: Lair:6-8

Altars:
Ashenzari
Cheibriados
Dithmenos
Elyvilon
Fedhas
Gozag
Kikubaaqudgha
Makhleb
Nemelex Xobeh
Okawaru
Pakellas
Qazlal
Ru
Sif Muna
Trog
Vehumet
Xom
Yredelemnul
Zin
The Shining One

Shops:
D:5 :


Innate Abilities, Weirdness & Mutations

You reflexively headbutt those who attack you in melee.
You have a pair of horns on your head.
You are resistant to hostile enchantments.


Message History

The death yak gores you but does no damage.
Drink which item? (? for menu, Esc to quit)
You feel better.
The death yak gores you but does no damage.
You hit the boulder beetle but do no damage.
You headbutt the boulder beetle, but do no damage.
You hit the death yak.
The death yak is heavily wounded.
The boulder beetle bites you.
* * * LOW HITPOINT WARNING * * *
You hit the death yak but do no damage.
The death yak is heavily wounded.
You hit the boulder beetle but do no damage.
The death yak gores you!
* * * LOW HITPOINT WARNING * * *
You slash the death yak!
The death yak is severely wounded.
You hit the boulder beetle but do no damage.
The boulder beetle bites you!
You die...

## ######.#
#P##...### ##
#.P#.##.P##
.#####P.P......##
...#...P........#
.....††........l#
...†..........FY##
...#.#†........#@#
...###.......tSB##
..............Y##
....#...........#
.....#.........##
...###.........##
...# #..........#
.P.# #.........##
..# ####......#


You could see a death yak, a boulder beetle, a komodo dragon, a yak, a spiny
frog, a water moccasin and a crocodile.

Vanquished Creatures
  8 death yaks
  A griffon (Lair:4)
  11 elephants
  6 black mambas
  Maurice (D:8)
  Joseph (D:8)
  10 spiny frogs
  The ghost of skk the Archer, a novice CeHu (D:6)
  7 komodo dragons
  A two-headed ogre (D:8)
  5 polar bears
  12 blink frogs
  3 basilisks
  6 hippogriffs
  8 yaks
  4 swamp worms (Lair:3)
  7 water moccasins
  4 porcupines
  Duvessa (D:4)
  2 orc warriors
  An ice beast (D:8)
  4 phantoms
  A sky beast (D:6)
  8 wolves
  4 ogres
  2 centaurs
  10 crocodiles
  A big kobold (D:8)
  14 giant frogs
  A scorpion (D:8)
  Dowan (D:4)
  4 wights (D:7)
  An electric eel (Lair:3)
  A crimson imp (D:8)
  A quasit (D:7)
  2 hounds (D:8)
  A jelly (D:8)
  10 orc wizards
  4 orc priests
  A centaur skeleton (D:8)
  3 giant frog skeletons (D:8)
  3 iguanas
  Natasha (D:2)
  5 worker ants
  2 hound zombies (D:6)
  A hound skeleton (D:4)
  A worker ant zombie (D:5)
  A howler monkey skeleton (D:4)
  14 gnolls
  35 river rats
  12 adders
  3 oozes
  2 adder skeletons
  2 worms
  A dart slug (D:2)
  7 giant geckos
  23 orcs
  6 bats
  4 giant cockroaches
  9 goblins
  16 hobgoblins
  16 jackals
  2 quokkas
  2 giant gecko skeletons (D:4)
  3 giant newts
  16 kobolds
  9 rats
  3 fungi
  2 plants
375 creatures vanquished.

Vanquished Creatures (others)
  A spiny frog (Lair:7)
  A crocodile (Lair:7)
  A quokka (D:2)
  A fungus (Lair:7)
  2 plants
6 creatures vanquished.

Grand Total: 381 creatures vanquished

Notes
Turn   | Place    | Note
--------------------------------------------------------------
     0 | D:1      | privategoon the Minotaur Fighter began the quest for the Orb.
     0 | D:1      | Reached XP level 1. HP: 19/19 MP: 0/0
    53 | D:1      | Reached XP level 2. HP: 26/26 MP: 1/1
   331 | D:1      | Reached XP level 3. HP: 31/31 MP: 2/2
   927 | D:2      | Found a white marble altar of Elyvilon.
  1028 | D:2      | Reached skill level 5 in Axes
  1135 | D:2      | Reached XP level 4. HP: 25/39 MP: 3/3
  2035 | D:2      | Reached XP level 5. HP: 37/45 MP: 4/4
  2071 | D:2      | Noticed Natasha
  2077 | D:2      | Killed Natasha
  2488 | D:3      | Found a blossoming altar of Fedhas.
  2514 | D:3      | Reached skill level 4 in Armour
  2735 | D:3      | Reached XP level 6. HP: 48/52 MP: 5/5
  3522 | D:4      | Reached XP level 7. HP: 10/59 MP: 6/6
  3951 | D:4      | Noticed Dowan
  3955 | D:4      | Noticed Duvessa
  3959 | D:4      | Killed Dowan
  3959 | D:4      | Reached skill level 1 in Dodging
  3974 | D:4      | Killed Duvessa
  4352 | D:4      | Found an oddly glowing altar of Pakellas.
  4601 | D:4      | Reached skill level 5 in Armour
  4681 | D:4      | Found a shimmering altar of Xom.
  4682 | D:4      | Found a shattered altar of Ashenzari.
  4745 | D:5      | Entered Level 5 of the Dungeon
  4745 | D:5      | Found Taet's Book Shoppe.
  4754 | D:5      | Reached skill level 5 in Shields
  5319 | D:5      | Reached XP level 8. HP: 32/66 MP: 7/7
  5958 | D:6      | Reached skill level 5 in Fighting
  6232 | D:6      | Noticed skk's ghost (novice CeHu)
  6243 | D:6      | Killed skk's ghost
  6243 | D:6      | Reached skill level 5 in Dodging
  6504 | D:7      | Reached skill level 6 in Armour
  6504 | D:7      | Reached XP level 9. HP: 49/75 MP: 8/8
  6896 | D:7      | Found a staircase to the Ecumenical Temple.
  6921 | D:7      | Reached skill level 10 in Axes
  7103 | D:7      | Reached skill level 7 in Armour
  7126 | D:7      | Found a shimmering altar of Xom.
  7144 | Temple   | Entered the Ecumenical Temple
  7414 | Temple   | Became a worshipper of Warmaster Okawaru
  7467 | D:7      | Reached skill level 1 in Invocations
  7877 | D:8      | Found a staircase to the Lair.
  8121 | D:8      | Noticed Maurice
  8141 | D:8      | Killed Maurice
  8141 | D:8      | Reached * piety under Okawaru
  8141 | D:8      | Reached skill level 8 in Armour
  8176 | D:8      | Reached skill level 9 in Armour
  8286 | D:8      | Found an opulent altar of Gozag.
  8288 | D:8      | Noticed Joseph
  8300 | D:8      | Reached skill level 10 in Armour
  8301 | D:8      | Killed Joseph
  8301 | D:8      | Reached ** piety under Okawaru
  8301 | D:8      | Reached XP level 10. HP: 79/83 MP: 11/11
  8461 | D:8      | Found a blossoming altar of Fedhas.
  8519 | D:8      | Found a glowing golden altar of the Shining One.
  8629 | D:8      | Found a shadowy altar of Dithmenos.
  8677 | Lair:1   | Entered Level 1 of the Lair of Beasts
  8849 | Lair:1   | Reached skill level 11 in Armour
  8851 | Lair:1   | Noticed a spiny frog
  8893 | Lair:1   | Killed a spiny frog
  9004 | Lair:1   | Reached *** piety under Okawaru
  9047 | Lair:1   | You fall through a shaft!
  9076 | Lair:2   | Noticed a spiny frog
  9084 | Lair:2   | Killed a spiny frog
  9127 | Lair:2   | Noticed a black mamba
  9132 | Lair:2   | Killed a black mamba
  9168 | Lair:2   | Noticed a spiny frog
  9177 | Lair:2   | Killed a spiny frog
  9613 | Lair:2   | Noticed an elephant
  9614 | Lair:2   | Noticed an elephant
  9615 | Lair:2   | Noticed an elephant
  9615 | Lair:2   | Noticed an elephant
  9616 | Lair:2   | Noticed an elephant
  9627 | Lair:2   | Killed an elephant
  9640 | Lair:2   | Killed an elephant
  9640 | Lair:2   | Reached **** piety under Okawaru
  9641 | Lair:2   | Killed an elephant
  9641 | Lair:2   | Reached XP level 11. HP: 36/89 MP: 9/12
  9646 | Lair:2   | HP: 1/89 [elephant (12)]
 10261 | Lair:1   | Noticed a six-headed hydra
 10727 | Lair:3   | Reached ***** piety under Okawaru
 10740 | Lair:3   | Reached skill level 15 in Axes
 10753 | Lair:3   | Received a gift from Okawaru
 10756 | Lair:3   | Got a faintly glowing scale mail {god gift}
 10767 | Lair:3   | Identified the +1 scale mail of Yduiga Qejed {rC- MP-9 Dex+8 SInv} (Okawaru gifted it to you on level 3 of the Lair of Beasts)
 11066 | Lair:3   | Found a staircase to the Swamp.
 11314 | Lair:3   | Reached skill level 12 in Armour
 11793 | Lair:4   | Noticed a griffon
 11808 | Lair:4   | Killed a griffon
 12193 | Lair:4   | Reached skill level 13 in Armour
 12193 | Lair:4   | Reached XP level 12. HP: 78/96 MP: 13/13
 12675 | Lair:5   | You fall through a shaft for 2 floors!
 12686 | Lair:7   | Reached skill level 14 in Armour
 12894 | Lair:6   | Received a gift from Okawaru
 12894 | Lair:6   | Reached skill level 15 in Armour
 13086 | Lair:6   | Noticed a death yak
 13087 | Lair:6   | Noticed a death yak
 13093 | Lair:6   | Noticed a death yak
 13097 | Lair:6   | Noticed a death yak
 13121 | Lair:6   | Killed a death yak
 13128 | Lair:6   | Killed a death yak
 13254 | Lair:6   | Reached skill level 16 in Armour
 13341 | Lair:6   | You fall through a shaft for 2 floors!
 13341 | Lair:8   | Entered Level 8 of the Lair of Beasts
 13442 | Lair:7   | Noticed a death yak
 13460 | Lair:7   | Noticed a death yak
 13461 | Lair:7   | Noticed a death yak
 13463 | Lair:7   | Noticed a death yak
 13464 | Lair:7   | Noticed a death yak
 13473 | Lair:7   | Killed a death yak
 13488 | Lair:7   | Killed a death yak
 13488 | Lair:7   | Reached ****** piety under Okawaru
 13488 | Lair:7   | Received a gift from Okawaru
 13497 | Lair:7   | Killed a death yak
 13503 | Lair:7   | Killed a death yak
 13512 | Lair:7   | Killed a death yak
 13517 | Lair:7   | Reached skill level 17 in Armour
 13526 | Lair:7   | Got a jewelled quarterstaff {god gift}
 13530 | Lair:7   | Gained mutation: You are resistant to hostile enchantments. [potion of beneficial mutation]
 13539 | Lair:7   | Identified the +5 quarterstaff of Silis {drain, rF+ Int+4} (Okawaru gifted it to you on level 7 of the Lair of Beasts)
 13606 | Lair:7   | Reached XP level 13. HP: 102/102 MP: 14/14
 13807 | Lair:7   | HP: 5/102 [squashed by a boulder beetle (12)]
 13812 | Lair:7   | HP: 4/102 [death yak (15)]
 13813 | Lair:7   | Mangled by a boulder beetle

Skill      XL: |  1  2  3  4  5  6  7  8  9 10 11 12 |
---------------+-------------------------------------+-----
Axes           | 3 4 5 6 7 8 9 10 13 16 | 16.0
Armour         | 4 5 6 10 11 13 17 | 17.6
Shields        | 4 5 6 |  6.1
Fighting       | 4 6 |  6.0
Dodging        | 3 5 |  5.4
Invocations    | 3 |  3.2

Action                   |  1- 3 |  4- 6 |  7- 9 | 10-12 | 13-15 || total
-------------------------+-------+-------+-------+-------+-------++-------
Melee: War axe           |   106 |   206 |   350 |   610 |    62 ||  1334
       Headbutt          |    12 |    26 |    76 |   156 |    24 ||   294
       Hand axe          |       |       |       |    65 |       ||    65
Throw: Tomahawk          |       |       |     1 |       |       ||     1
Invok: Heroism           |       |       |       |     6 |     1 ||     7
Evoke: Wand              |       |       |       |     3 |       ||     3
  Use: Potion            |       |     6 |     5 |     7 |     3 ||    21
       Scroll            |       |     3 |     6 |    16 |     1 ||    26
 Stab: Invisible         |       |     1 |       |     2 |       ||     3
       Sleeping          |       |       |     2 |       |       ||     2
  Eat: Chunk             |     1 |     8 |    15 |     9 |       ||    33
       Fruit             |       |       |       |    10 |       ||    10
       Pizza             |       |       |       |     1 |       ||     1
Armor: Scale mail        |    49 |    52 |    72 |       |       ||   173
       Ring mail         |       |    10 |     3 |       |       ||    13
       Robe              |       |       |     2 |       |       ||     2
       Skin              |       |       |     4 |       |       ||     4
       Chain mail        |       |       |       |    44 |       ||    44
       Crystal plate arm |       |       |       |   312 |    45 ||   357
Dodge: Dodged            |    40 |    57 |    96 |   149 |    22 ||   364
Block: Shield            |    56 |    95 |   147 |   330 |       ||   628
